 Dungeon Sprint DCSS version 0.15-a0-2102-gacb6860 (webtiles) character file.

82915 N00bl0rd the Executioner (level 15, -8/135 HPs)
             Began as a Deep Dwarf Fighter on July 15, 2014.
             Was a High Priest of Makhleb.
             Mangled by a reaper
             ... wielding a +1 scythe of venom
             ... summoned by an indirect mummy death curse
              (15 damage)
             ... in the Dungeon (Sprint V: "Ziggurat Sprint").
             The game lasted 00:14:35 (905 turns).

N00bl0rd the Executioner (Deep Dwarf Fighter)        Turns: 905, Time: 00:14:36

HP  -8/135       AC 27     Str 34      XL: 15   Next: 30%
MP  27/27        EV 12     Int -6 (11) God: Makhleb [*****.]
Gold 0           SH 33     Dex 12      Spells:  0 memorised, 14 levels left

rFire  + . .     SeeInvis +     a - +14 obsidian axe {chop, +Fly Str+3 SInv Curse}
rCold  + . .     Clarity  .     b - +15 Maxwell's patent armour {rC+ rF+, -Cast -Tele MR+}
rNeg   + + +     rCorr    .     c - +18 shield of the gong {rElec rN+ MR+ EV-5}
rPois  .         rRot     .     (no helmet)
rElec  +         Spirit   .     (no cloak)
SustAb .         Warding  .     (no gloves)
rMut   .         NoTele   +     (no boots)
Gourm  .         NoCast   +     I - amulet "Wattim" {+Rage rN+ MR+ Int+3}
MR     +++++                    M - +5 ring of slaying
                                J - cursed +6 ring of strength

@: mesmerised, non-regenerating, lost intelligence, very slow, almost entirely
resistant to hostile enchantments, extremely unstealthy
A: damage resistance, recharge devices, deformed body, dopey 1, fast metabolism
1, frail 1, low mp 1, negative energy resistance 1, sense surroundings 2, slow
healing 3
a: Device Recharging, Minor Destruction, Lesser Servant of Makhleb, Major
Destruction, Greater Servant of Makhleb, Renounce Religion, Evoke Berserk Rage,
Evoke Flight


You were in the Dungeon.
You worshipped Makhleb.
Makhleb was extremely pleased with you.
You were very full.

You visited 1 branch

Inventory:

Hand weapons
 a - the cursed +14 obsidian axe (weapon) {chop, +Fly Str+3 SInv Curse}
   (You found it in the Dungeon)

   It inflicts extra damage upon your enemies.
   It affects your strength (+3).
   It enhances your eyesight.
   It lets you fly.
   It may recurse itself when equipped.
   It has a curse placed upon it.
Armour
 b - the cursed +15 Maxwell's patent armour (worn) {rC+ rF+, -Cast -Tele MR+}
   (You found it in the Dungeon)

   It affects your resistance to hostile enchantments.
   It prevents spellcasting.
   It prevents most forms of teleportation.
   It has a curse placed upon it.
 c - the +18 shield of the gong (worn) {rElec rN+ MR+ EV-5}
   (You found it in the Dungeon)

   It affects your evasion (-5).
   It insulates you from electricity.
   It protects you from negative energy.
   It affects your resistance to hostile enchantments.
Magical devices
 d - a wand of heal wounds (6)
 B - a wand of disintegration (7)
 C - a wand of fire (5)
 D - a wand of cold (5)
 E - a wand of draining (5)
Comestibles
 f - 5 bread rations
 z - 31 fruits
 A - 4 meat rations
Scrolls
 l - 4 scrolls of blinking
 s - 4 scrolls of amnesia
 t - 3 scrolls of recharging
 u - 7 scrolls of fog
 v - 2 scrolls of holy word
 w - 4 scrolls of identify
 x - 5 scrolls of remove curse
 y - 2 scrolls of fear
 F - 5 scrolls of brand weapon
 L - 4 scrolls of enchant weapon
Jewellery
 I - the amulet "Wattim" (around neck) {+Rage rN+ MR+ Int+3}
   (You found it in the Dungeon)

   [amulet of rage]

   It affects your intelligence (+3).
   It protects you from negative energy.
   It affects your resistance to hostile enchantments.
   It lets you go berserk.
 J - a cursed +6 ring of strength (left hand)
 M - a +5 ring of slaying (right hand)
Potions
 e - 6 potions of might
 g - 10 potions of curing
 h - 10 potions of heal wounds
 i - 8 potions of haste
 j - 7 potions of magic
 k - 3 potions of berserk rage
 m - 2 potions of brilliance
 n - 2 potions of invisibility
 o - 2 potions of restore abilities
 p - 4 potions of resistance
 r - 6 potions of agility
 H - a potion of porridge


   Skills:
 + Level 13.8 Fighting
 * Level 21.2 Axes
 + Level 16.1 Armour
 * Level 21.1 Dodging
 + Level 16.1 Shields
 + Level 15.2 Invocations
 - Level 9.4 Evocations


You had 14 spell levels left.
You didn't know any spells.

Dungeon Overview and Level Annotations

Branches:
Dungeon (1/1)

Altars:
Ashenzari
Cheibriados
Dithmenos
Elyvilon
Fedhas
Gozag
Kikubaaqudgha
Makhleb
Nemelex Xobeh
Okawaru
Qazlal
Sif Muna
Trog
Vehumet
Xom
Yredelemnul
Zin
The Shining One
Beogh
Jiyva
Lugonu


Innate Abilities, Weirdness & Mutations

You are resistant to damage.
You can recharge devices by infusing magical energy.
You resist negative energy.
You passively map the area around you.
You do not heal naturally.
Armour fits poorly on your strangely shaped body.
You are dopey. (Int -2)
You have a fast metabolism.
You are frail (-10% HP).
Your magical capacity is low (-10% MP).


Message History

GONNNNG!
Your cacodemon gestures at the bat skeleton.
The bat skeleton appears confused.
The greater mummy closely misses you. You block the soul eater's attack.
SHROANNG!
The greater mummy casts a spell at you. Something smites you!
* * * LOW HITPOINT WARNING * * *
The bat skeleton barely misses the neqoxec.
The killer bee stings your blizzard demon.
Your hellwing barely misses the soul eater.
Your hellwing hits the soul eater but does no damage.
The blue devil misses your cacodemon. The neqoxec hits your cacodemon.
The killer bee stings you but does no damage.
Your blizzard demon hits the greater mummy!
Your blizzard demon hits the greater mummy.
The greater mummy hits your blizzard demon with an uncursed staff of power.
The orange demon closely misses you. The mummy hits your blizzard demon!!
The reaper hits you with a glowing scythe!!
You die...

.. . }[. . ▓.....).. . .
....}}|=.. ▓.....(.( . .
▓ ..=[}.)z:.. ▓.......) .
......Ma.ZzMW. ▓..▓...(.
.
.....MyMMsMZ...▓.▓▓▓....
..
...MnMMMMsyBM..▓..▓.....
▓....M4MMM4Z....▓........
.
▓....Z3MMyyW....▓........
▓....423@2M.....▓▓▓▓▓▓▓▓▓
.. .. ▓...▓..4.2..▓...▓
88 8 . . ▓.▓.....▓.▓ .▓ .
▓...▓.......▓...▓8 .
▓...............▓ . ...
▓...............▓8 8 . ..
▓▓▓▓▓▓▓▓▓▓▓▓▓▓▓▓▓ ▓ . ▓
.. . ▓ .. ▓ ▓ .. . . .. .
.


You could see 3 greater mummies, a reaper, 3 mummy priests, a soul eater, a
flayed ghost, an orange demon, a goliath beetle, 4 guardian mummies, an iron
devil, a blue devil, a hungry ghost, a neqoxec, a necrophage, a yellow wasp, 2
spiders, 9 mummies, a worker ant, 3 killer bees, 2 wights, a giant newt
skeleton, a bat skeleton (confused), a ball python skeleton, a rat skeleton, a
friendly cacodemon, a friendly blizzard demon and a friendly hellwing.

Vanquished Creatures
  A sphinx (shapeshifter) (D)
  A thorn hunter (D)
  A deep elf sorcerer (D)
  An emperor scorpion (D)
  A reaper (D)
  2 stone giants (D)
  A dire elephant (D)
  A deep elf annihilator (D)
  A mummy priest (D)
  A fire dragon (D)
  4 crystal guardians (D)
  A deep elf high priest (D)
  2 spriggan air magi (D)
  An ice dragon (shapeshifter) (D)
  A soul eater (D)
  A spriggan berserker (D)
  A thrashing horror (D)
  4 iron golems (D)
  A hell knight (D)
  2 very ugly things (D)
  2 deep elf knights (D)
  An ice devil (D)
  A death drake (D)
  An orb spider (D)
  A deep elf summoner (D)
  A swamp dragon (D)
  A deep troll (shapeshifter) (D)
  A mana viper (shapeshifter) (D)
  A red wasp (D)
  A draconian (shapeshifter) (D)
  A moth of wrath (D)
  A cyclops (D)
  4 toenail golems (D)
  A moth of wrath (shapeshifter) (D)
  2 spiny frogs (D)
  An apocalypse crab (D)
  An eye of devastation (shapeshifter) (D)
  A tormentor (D)
  3 gargoyles (D)
  A naga mage (D)
  2 fire drakes (D)
  An orange demon (D)
  A red devil (D)
  A freezing wraith (D)
  A guardian mummy (D)
  A deep elf priest (D)
  A raiju (shapeshifter) (D)
  A troll (shapeshifter) (D)
  4 merfolk (D)
  A wind drake (D)
  A blue devil (D)
  A basilisk (shapeshifter) (D)
  4 flying skulls (D)
  A yak (D)
  A yak (shapeshifter) (D)
  2 vampires (D)
  4 spriggans (D)
  A spriggan (shapeshifter) (D)
  A trapdoor spider (D)
  2 wyverns (D)
  A tarantella (D)
  A wraith (D)
  4 deep elf magi (D)
  5 neqoxecs (D)
  A steam dragon (D)
  3 ugly things (D)
  A mottled dragon (D)
  2 deep elf fighters (D)
  A naga (D)
  6 water moccasins (D)
  A porcupine (D)
  3 black bears (D)
  3 ice beasts (D)
  A crocodile (shapeshifter) (D)
  A necrophage (D)
  2 phantoms (D)
  5 yellow wasps (D)
  A centaur (D)
  6 earth elementals (D)
  3 scorpions (D)
  5 wights (D)
  3 crimson imps (D)
  A hound (D)
  An iron imp (D)
  2 quasits (D)
  A mummy (D)
  2 adders (D)
  2 white imps (D)
  A giant mite (D)
  A shadow imp (D)
  3 ufetubi (D)
  An adder skeleton (D)
  A spectral bat (D)
  2 bat skeletons (D)
  2 jackals (D)
  2 giant newt skeletons (D)
  A gnoll skeleton (D)
  4 hobgoblin skeletons (D)
  A hobgoblin zombie (D)
  A kobold zombie (D)
  A quokka skeleton (D)
  A spectral giant newt (D)
  A spectral jackal (D)
  A briar patch (D)
  A butterfly (D)
181 creatures vanquished.

Vanquished Creatures (collateral kills)
  A quicksilver dragon (shapeshifter) (D)
  3 tentacled starspawn (D)
  A cacodemon (D)
  A reaper (D)
  A starcursed mass (D)
  An ice dragon (D)
  2 hydras (D)
  A hydra (shapeshifter) (D)
  A satyr (D)
  A thrashing horror (D)
  An iron golem (D)
  An ice devil (D)
  An orb spider (D)
  An unseen horror (shapeshifter) (D)
  A spriggan druid (D)
  A glowing shapeshifter (D)
  A draconian (shapeshifter) (D)
  A manticore (shapeshifter) (D)
  A smoke demon (D)
  A tormentor (D)
  A guardian mummy (D)
  A wind drake (D)
  A freezing wraith (D)
  A spectral red wasp (D)
  2 raiju (D)
  2 flying skulls (D)
  A spriggan (D)
  A yak (shapeshifter) (D)
  A spriggan (shapeshifter) (D)
  A hungry ghost (D)
  A neqoxec (D)
  A water moccasin (shapeshifter) (D)
  A yellow wasp (D)
  A spider (D)
  3 small abominations (D)
  2 necrophages (D)
  An eye of draining (shapeshifter) (D)
  A killer bee (D)
  A wight (D)
  A worker ant (D)
  A white imp (D)
  An ufetubus (D)
  A giant gecko zombie (D)
  A giant newt skeleton (D)
  A goblin skeleton (D)
  A lurking horror (D)
  A rat skeleton (D)
  A spectral hobgoblin (D)
  A butterfly (D)
  2 starspawn tentacles (D)
59 creatures vanquished.

Vanquished Creatures (others)
  A green death (D)
  An ice devil (D)
  2 sixfirhies (D)
  An orange demon (D)
  A smoke demon (D)
  2 blue devils (D)
  A ynoxinul (D)
  An ugly thing (D)
  2 neqoxecs (D)
  An iron imp (D)
  A white imp (D)
  An ufetubus (D)
  A briar patch (D)
  6 starspawn tentacles (D)
  15 starspawn tentacle segments (D)
37 creatures vanquished.

Grand Total: 277 creatures vanquished

Notes
Turn   | Place    | Note
--------------------------------------------------------------
     0 | D        | N00bl0rd, the Deep Dwarf Fighter, began the quest for the Orb.
     0 | D        | Reached XP level 1. HP: 20/20 MP: 1/1
     0 | D        | Found a roughly hewn altar of Beogh.
     0 | D        | Found a corrupted altar of Lugonu.
     1 | D        | Found a white marble altar of Elyvilon.
     1 | D        | Found an ancient bone altar of Kikubaaqudgha.
     2 | D        | Found a burning altar of Makhleb.
     2 | D        | Found an iron altar of Okawaru.
     4 | D        | Found a sparkling altar of Nemelex Xobeh.
     4 | D        | Found a basalt altar of Yredelemnul.
     4 | D        | Found a deep blue altar of Sif Muna.
     4 | D        | Found a radiant altar of Vehumet.
    10 | D        | Found a bloodstained altar of Trog.
    66 | D        | Found a shimmering altar of Xom.
    72 | D        | Became a worshipper of Makhleb the Destroyer
    75 | D        | Entered arena 1.
    75 | D        | Noticed an orange demon
    76 | D        | Reached skill level 1 in Dodging
    85 | D        | Killed an orange demon
    85 | D        | Acquired Makhleb's first power
    85 | D        | Reached skill level 5 in Fighting
    85 | D        | Reached skill level 7 in Axes
    85 | D        | Reached XP level 2. HP: 17/32 MP: 2/2
    85 | D        | Reached XP level 3. HP: 20/39 MP: 3/3
    85 | D        | Reached XP level 4. HP: 23/46 MP: 4/4
    85 | D        | Reached XP level 5. HP: 26/52 MP: 5/5
   115 | D        | Entered arena 2.
   115 | D        | Noticed a scorpion
   115 | D        | Noticed a scorpion
   119 | D        | Killed a scorpion
   119 | D        | Reached XP level 6. HP: 55/61 MP: 6/6
   120 | D        | Killed a scorpion
   120 | D        | Reached skill level 8 in Axes
   128 | D        | Entered arena 3.
   128 | D        | Noticed a crimson imp
   130 | D        | Killed a crimson imp
   130 | D        | Acquired Makhleb's second power
   134 | D        | Acquired Makhleb's third power
   146 | D        | Entered arena 4.
   146 | D        | Noticed a toenail golem
   146 | D        | Noticed a toenail golem
   146 | D        | Noticed a toenail golem
   146 | D        | Noticed a toenail golem
   153 | D        | Killed a toenail golem
   153 | D        | Reached skill level 9 in Axes
   153 | D        | Reached XP level 7. HP: 65/70 MP: 7/7
   153 | D        | Killed a toenail golem
   153 | D        | Reached skill level 10 in Axes
   153 | D        | Reached skill level 10 in Dodging
   153 | D        | Reached XP level 8. HP: 72/78 MP: 8/8
   153 | D        | Killed a toenail golem
   153 | D        | Reached skill level 11 in Axes
   155 | D        | Killed a toenail golem
   164 | D        | Entered arena 5.
   164 | D        | Noticed a necrophage
   164 | D        | Noticed a wight
   164 | D        | Noticed a wight
   166 | D        | Killed a wight
   168 | D        | Killed a wight
   170 | D        | Killed a necrophage
   170 | D        | Acquired Makhleb's fourth power
   180 | D        | Entered arena 6.
   180 | D        | Noticed a centaur
   180 | D        | Noticed a merfolk
   180 | D        | Noticed a merfolk
   180 | D        | Noticed a merfolk
   180 | D        | Noticed a merfolk
   180 | D        | Noticed a cyclops
   186 | D        | Killed a merfolk
   186 | D        | Reached skill level 12 in Axes
   186 | D        | Gained mutation: You passively map the area around you. [level up]
   186 | D        | Reached XP level 9. HP: 74/87 MP: 9/9
   186 | D        | Killed a merfolk
   189 | D        | Killed a centaur
   190 | D        | Killed a merfolk
   190 | D        | Acquired Makhleb's fifth power
   190 | D        | Killed a cyclops
   191 | D        | Killed a merfolk
   191 | D        | Reached skill level 13 in Axes
   191 | D        | Reached skill level 10 in Armour
   191 | D        | Reached skill level 10 in Shields
   194 | D        | Got the ring of Propriety {Dex-5 Stlth+}
   203 | D        | Entered arena 7.
   203 | D        | Noticed a spriggan
   203 | D        | Noticed a spriggan
   203 | D        | Noticed a black bear
   203 | D        | Noticed a spriggan
   203 | D        | Noticed a black bear
   203 | D        | Noticed a black bear
   207 | D        | Killed a spriggan
   209 | D        | Killed a black bear
   209 | D        | Killed a black bear
   211 | D        | Killed a spriggan
   211 | D        | Killed a black bear
   212 | D        | Killed a spriggan
   212 | D        | Reached XP level 10. HP: 98/98 MP: 10/10
   226 | D        | Entered arena 8.
   226 | D        | Noticed a hound
   226 | D        | Noticed a spiny frog
   226 | D        | Noticed a porcupine
   226 | D        | Noticed a spiny frog
   226 | D        | Noticed a water moccasin
   230 | D        | Killed a hound
   231 | D        | Killed a water moccasin
   231 | D        | Reached skill level 1 in Invocations
   231 | D        | Killed a porcupine
   234 | D        | Killed a spiny frog
   234 | D        | Killed a spiny frog
   247 | D        | Entered arena 9.
   247 | D        | Noticed a necrophage
   247 | D        | Noticed a wight
   247 | D        | Noticed a wight
   252 | D        | Killed a wight
   252 | D        | Killed a wight
   255 | D        | Killed a necrophage
   269 | D        | Entered arena 10.
   269 | D        | Noticed a naga
   269 | D        | Noticed a water moccasin
   269 | D        | Noticed a water moccasin
   269 | D        | Noticed a water moccasin
   269 | D        | Noticed a naga mage
   269 | D        | Noticed a water moccasin
   269 | D        | Noticed a water moccasin
   274 | D        | Killed a water moccasin
   275 | D        | Killed a water moccasin
   275 | D        | Killed a water moccasin
   275 | D        | Reached skill level 14 in Axes
   275 | D        | Killed a water moccasin
   276 | D        | Killed a naga mage
   276 | D        | Killed a water moccasin
   276 | D        | Identified a +2 rod of destruction (7/11)
   280 | D        | Killed a naga
   298 | D        | Entered arena 11.
   298 | D        | Noticed a fire dragon
   298 | D        | Noticed an ice dragon
   298 | D        | Noticed a mottled dragon
   298 | D        | Noticed a wyvern
   298 | D        | Noticed a swamp dragon
   298 | D        | Noticed a death drake
   298 | D        | Noticed a fire drake
   298 | D        | Noticed a steam dragon
   299 | D        | Noticed an eight-headed hydra
   300 | D        | Noticed a fire drake
   301 | D        | Killed a wyvern
   306 | D        | Killed a steam dragon
   306 | D        | Killed a death drake
   306 | D        | Reached skill level 5 in Evocations
   308 | D        | Killed a swamp dragon
   308 | D        | Reached skill level 5 in Invocations
   309 | D        | Killed a fire drake
   309 | D        | Killed a fire drake
   309 | D        | Killed a mottled dragon
   311 | D        | Killed a fire dragon
   311 | D        | Reached XP level 11. HP: 101/108 MP: 17/21
   313 | D        | Killed an ice dragon
   313 | D        | Reached skill level 15 in Axes
   315 | D        | Killed a 15-headed hydra
   315 | D        | Reached skill level 15 in Dodging
   328 | D        | Got the ring of Awe {Fire Int+2 Stlth--}
   337 | D        | Entered arena 12.
   337 | D        | Noticed a neqoxec
   337 | D        | Noticed a raven
   337 | D        | Noticed a red ugly thing
   337 | D        | Noticed a swamp dragon
   337 | D        | Noticed a neqoxec
   337 | D        | Noticed a neqoxec
   337 | D        | Noticed a giant orange brain
   337 | D        | Noticed a death drake
   337 | D        | Gained mutation: You have a fast metabolism. [a neqoxec]
   338 | D        | Noticed a moth of wrath
   338 | D        | Noticed a cyan ugly thing
   338 | D        | Noticed a cyclops
   338 | D        | a raven changed into a basilisk
   338 | D        | a swamp dragon changed into an octopode
   338 | D        | a death drake changed into a manticore
   338 | D        | Gained mutation: Your magical capacity is low (-10% MP). [a neqoxec]
   341 | D        | Killed a neqoxec
   341 | D        | Reached skill level 10 in Fighting
   341 | D        | a cyclops changed into a komodo dragon
   341 | D        | a giant orange brain changed into a wolf spider
   342 | D        | Killed a moth of wrath
   343 | D        | Gained mutation: Armour fits poorly on your strangely shaped body. [a neqoxec]
   344 | D        | Killed a red ugly thing
   344 | D        | Noticed a death drake
   344 | D        | a red wasp changed into a death drake
   345 | D        | Killed a neqoxec
   347 | D        | Killed a cyan ugly thing
   347 | D        | Noticed a ghost crab
   347 | D        | a death drake changed into a ghost crab
   350 | D        | Noticed a deep troll
   350 | D        | a ghost crab changed into a deep troll
   354 | D        | Killed a deep troll
   356 | D        | Killed a neqoxec
   367 | D        | Got the ring of Plopuehu {Wiz Str+1 Int+3}
   383 | D        | Entered arena 13.
   383 | D        | Noticed an ice beast
   383 | D        | Noticed an ice devil
   383 | D        | Noticed a flying skull
   384 | D        | Noticed a soul eater
   384 | D        | Noticed a freezing wraith
   384 | D        | Noticed a wight
   384 | D        | Noticed a freezing wraith
   385 | D        | Noticed a blue devil
   385 | D        | Noticed a necrophage
   385 | D        | Noticed an ice devil
   389 | D        | Killed a flying skull
   390 | D        | Killed a wight
   391 | D        | Killed an ice devil
   393 | D        | Killed an ice beast
   393 | D        | Killed a blue devil
   394 | D        | Killed a freezing wraith
   396 | D        | Killed a freezing wraith
   398 | D        | Killed a necrophage
   399 | D        | Killed a soul eater
   399 | D        | Reached skill level 16 in Axes
   401 | D        | Killed an ice devil
   422 | D        | Entered arena 14.
   422 | D        | Noticed a deep elf fighter
   422 | D        | Noticed a deep elf high priest
   422 | D        | Noticed a deep elf fighter
   423 | D        | Noticed a deep elf knight
   423 | D        | Noticed a deep elf knight
   423 | D        | Noticed a deep elf mage
   423 | D        | Noticed a deep elf annihilator
   423 | D        | Noticed a deep elf sorcerer
   423 | D        | Noticed a deep elf mage
   423 | D        | Noticed a deep elf mage
   423 | D        | Noticed a deep elf priest
   423 | D        | Noticed a deep elf summoner
   424 | D        | Noticed a deep elf mage
   427 | D        | Killed a deep elf mage
   428 | D        | Noticed an ice devil
   428 | D        | Killed a deep elf summoner
   429 | D        | Killed a deep elf priest
   430 | D        | Killed a deep elf mage
   431 | D        | Killed a deep elf fighter
   432 | D        | Killed a deep elf mage
   432 | D        | Reached XP level 12. HP: 118/118 MP: 20/22
   432 | D        | Killed a deep elf knight
   435 | D        | Killed a deep elf mage
   436 | D        | Killed a deep elf sorcerer
   436 | D        | Killed a deep elf fighter
   440 | D        | Killed a deep elf high priest
   441 | D        | Killed a deep elf annihilator
   441 | D        | Reached skill level 17 in Axes
   450 | D        | Killed a deep elf knight
   450 | D        | Reached skill level 10 in Invocations
   456 | D        | Got the amulet "Wattim" {+Rage rN+ MR+ Int+3}
   465 | D        | Entered arena 15.
   465 | D        | Noticed a spriggan rider
   465 | D        | Noticed a spriggan berserker
   466 | D        | Noticed a satyr
   466 | D        | Noticed a dire elephant
   466 | D        | Noticed a wind drake
   466 | D        | Noticed a thorn hunter
   466 | D        | Noticed a yak
   466 | D        | Noticed a spriggan air mage
   466 | D        | Noticed a spriggan druid
   466 | D        | Noticed a wind drake
   467 | D        | Noticed a spriggan rider
   467 | D        | Noticed a spriggan air mage
   469 | D        | Noticed a yellow wasp
   473 | D        | Killed a yak
   475 | D        | Killed a wind drake
   479 | D        | Killed a spriggan berserker
   481 | D        | Killed a spriggan air mage
   482 | D        | Killed a yellow wasp
   483 | D        | Killed a wind drake
   483 | D        | Killed a spriggan
   484 | D        | Killed a yellow wasp
   485 | D        | Killed a dire elephant
   487 | D        | Killed a spriggan air mage
   489 | D        | Noticed a six-headed hydra
   489 | D        | Killed a thorn hunter
   490 | D        | Killed a satyr
   492 | D        | Killed a spriggan
   492 | D        | Reached skill level 18 in Axes
   494 | D        | Killed a spriggan druid
   495 | D        | Killed a yellow wasp
   498 | D        | Killed an eight-headed hydra
   516 | D        | Entered arena 16.
   516 | D        | Noticed a wyvern
   519 | D        | Noticed a tarantella
   519 | D        | Killed a wyvern
   520 | D        | Noticed an orb spider
   520 | D        | Noticed a trapdoor spider
   520 | D        | Noticed a red wasp
   520 | D        | Noticed a moth of wrath
   520 | D        | Noticed an emperor scorpion
   520 | D        | Noticed a yellow wasp
   520 | D        | Noticed a yellow wasp
   520 | D        | Noticed a scorpion
   520 | D        | Noticed a yellow wasp
   521 | D        | Noticed a spider
   525 | D        | Killed a moth of wrath
   526 | D        | Killed a yellow wasp
   527 | D        | Killed a yellow wasp
   527 | D        | Killed a red wasp
   528 | D        | Killed a trapdoor spider
   528 | D        | Killed a tarantella
   528 | D        | Reached XP level 13. HP: 128/128 MP: 25/25
   530 | D        | Killed a scorpion
   531 | D        | Killed a yellow wasp
   535 | D        | Killed a spider
   540 | D        | Killed an emperor scorpion
   554 | D        | Killed an orb spider
   580 | D        | Entered arena 17.
   580 | D        | Noticed a vampire
   583 | D        | Noticed an orb spider
   584 | D        | Noticed a phantom
   585 | D        | Noticed a phantom
   586 | D        | Noticed a wraith
   586 | D        | Killed a vampire
   587 | D        | Noticed a tormentor
   587 | D        | Noticed a flying skull
   587 | D        | Noticed a reaper
   588 | D        | Noticed a tormentor
   588 | D        | Noticed a red devil
   588 | D        | Noticed a flying skull
   588 | D        | Noticed a hell knight
   589 | D        | Noticed a wight
   590 | D        | Killed a phantom
   591 | D        | Killed a flying skull
   593 | D        | Killed a phantom
   593 | D        | Killed a tormentor
   596 | D        | Killed a wraith
   596 | D        | Killed a tormentor
   598 | D        | Killed a flying skull
   598 | D        | Identified a +0 rod of clouds (3/9)
   599 | D        | Killed a hell knight
   601 | D        | Killed a wight
   604 | D        | Killed a reaper
   608 | D        | Killed a red devil
   613 | D        | Killed an orb spider
   624 | D        | Got the ring of Xouxaut {Str+2 Int-3 Stlth+}
   644 | D        | Entered arena 18.
   646 | D        | Noticed an iron golem
   646 | D        | Noticed an iron golem
   646 | D        | Noticed an iron golem
   647 | D        | Noticed an earth elemental
   647 | D        | Noticed an iron golem
   647 | D        | Noticed a crystal guardian
   647 | D        | Noticed an earth elemental
   647 | D        | Noticed a stone giant
   647 | D        | Noticed an earth elemental
   647 | D        | Noticed an earth elemental
   647 | D        | Noticed a gargoyle
   648 | D        | Noticed a gargoyle
   648 | D        | Noticed a crystal guardian
   648 | D        | Noticed a crystal guardian
   648 | D        | Noticed a crystal guardian
   648 | D        | Noticed a stone giant
   648 | D        | Noticed an iron golem
   648 | D        | Noticed an earth elemental
   649 | D        | Noticed an earth elemental
   649 | D        | Noticed a gargoyle
   652 | D        | Killed a gargoyle
   652 | D        | Reached skill level 19 in Axes
   653 | D        | Killed a crystal guardian
   656 | D        | Killed a stone giant
   658 | D        | Killed an earth elemental
   659 | D        | Killed a gargoyle
   661 | D        | Killed a stone giant
   661 | D        | Killed an earth elemental
   662 | D        | Killed an iron golem
   663 | D        | Killed an iron golem
   664 | D        | Killed an iron golem
   665 | D        | Killed an earth elemental
   668 | D        | Killed an earth elemental
   670 | D        | Killed an iron golem
   673 | D        | Killed an earth elemental
   674 | D        | Killed an earth elemental
   675 | D        | Killed a crystal guardian
   675 | D        | Killed an iron golem
   677 | D        | Killed a crystal guardian
   677 | D        | Reached skill level 15 in Shields
   677 | D        | Killed a gargoyle
   677 | D        | Reached skill level 15 in Armour
   678 | D        | Killed a crystal guardian
   684 | D        | Got the ring "Ruurruteof" {-Cast SInv Stlth+}
   710 | D        | Entered arena 19.
   714 | D        | Noticed a red wasp
   714 | D        | Noticed a troll
   714 | D        | Noticed a neqoxec
   714 | D        | a red wasp changed into a spiny frog
   715 | D        | Noticed a soldier ant
   715 | D        | Noticed a cyan very ugly thing
   715 | D        | Noticed a lindwurm
   716 | D        | Noticed a jumping spider
   716 | D        | Noticed an eye of devastation
   716 | D        | Noticed a swamp dragon
   716 | D        | a jumping spider changed into a death drake
   716 | D        | an eye of devastation changed into a mermaid
   716 | D        | a swamp dragon changed into a deep troll
   717 | D        | Noticed a neqoxec
   717 | D        | Noticed a cyan very ugly thing
   717 | D        | Noticed a golden eye
   717 | D        | Noticed a brown ugly thing
   717 | D        | Noticed a shock serpent
   717 | D        | a golden eye changed into a water moccasin
   717 | D        | a shock serpent changed into a slime creature
   718 | D        | Noticed a spriggan
   718 | D        | Noticed a brown ugly thing
   718 | D        | a soldier ant changed into an orb spider
   720 | D        | Killed a troll
   720 | D        | Noticed a ghost moth
   720 | D        | an ice dragon changed into a ghost moth
   720 | D        | a lindwurm changed into a mana viper
   721 | D        | Killed a cyan very ugly thing
   722 | D        | Noticed a grey draconian
   722 | D        | a slime creature changed into a grey draconian
   723 | D        | Noticed a green draconian
   723 | D        | a grey draconian changed into a green draconian
   724 | D        | Noticed a yellow draconian
   724 | D        | a siren changed into a yellow draconian
   724 | D        | Lost intelligence.
   725 | D        | a green draconian changed into a death yak
   725 | D        | Noticed a grey draconian
   725 | D        | a yellow draconian changed into a grey draconian
   725 | D        | Killed a spriggan
   725 | D        | Reached skill level 20 in Axes
   725 | D        | Killed a brown ugly thing
   727 | D        | Gained mutation: You are frail (-10% HP). [a neqoxec]
   728 | D        | Killed a brown very ugly thing
   729 | D        | Noticed a dire elephant
   729 | D        | a grey draconian changed into a dire elephant
   730 | D        | Noticed a white draconian
   730 | D        | a death yak changed into a white draconian
   730 | D        | Noticed a quicksilver dragon
   730 | D        | a dire elephant changed into a quicksilver dragon
   730 | D        | Noticed a storm dragon
   730 | D        | a ghost moth changed into a storm dragon
   730 | D        | Noticed an emperor scorpion
   730 | D        | a wolf spider changed into an emperor scorpion
   731 | D        | Killed a neqoxec
   731 | D        | Noticed a black draconian
   731 | D        | a white draconian changed into a black draconian
   732 | D        | Noticed a dire elephant
   732 | D        | a storm dragon changed into a dire elephant
   733 | D        | Noticed a frost giant
   733 | D        | a dire elephant changed into a frost giant
   733 | D        | Noticed a storm dragon
   733 | D        | an emperor scorpion changed into a storm dragon
   734 | D        | Noticed an emperor scorpion
   734 | D        | a black draconian changed into an emperor scorpion
   734 | D        | Noticed a yellow draconian
   734 | D        | an emperor scorpion changed into a yellow draconian
   735 | D        | Noticed a pale draconian
   735 | D        | a storm dragon changed into a pale draconian
   737 | D        | Noticed a black draconian
   737 | D        | a yellow draconian changed into a black draconian
   737 | D        | a black draconian changed into a four-headed hydra
   737 | D        | Noticed a sphinx
   737 | D        | a frost giant changed into a sphinx
   737 | D        | Noticed a fire giant
   737 | D        | a sphinx changed into a fire giant
   737 | D        | Noticed a black draconian
   737 | D        | a pale draconian changed into a black draconian
   737 | D        | Gained mutation: You are dopey. (Int -2) [a neqoxec]
   737 | D        | Killed a quicksilver dragon
   738 | D        | Killed a neqoxec
   739 | D        | a fire giant changed into an iron troll
   740 | D        | Noticed a ghost moth
   740 | D        | a black draconian changed into a ghost moth
   740 | D        | Gained mutation: You resist negative energy. [level up]
   740 | D        | Reached XP level 14. HP: 73/126 MP: 4/27
   741 | D        | Killed a cyan ugly thing
   741 | D        | Noticed a sphinx
   741 | D        | an iron troll changed into a sphinx
   742 | D        | a ghost moth changed into a pale draconian
   743 | D        | Killed a sphinx
   767 | D        | Got the ring "Muufo" {rF++ Regen}
   798 | D        | Reached XP level 15. HP: 104/133 MP: 19/27
   803 | D        | Got a crude golden ring
   806 | D        | Identified the ring of Taschoac {Dex+3 Int+3 SInv} (You acquired it in the Dungeon)
   820 | D        | Entered arena 20.
   820 | D        | Noticed a vampire
   823 | D        | Killed a vampire
   826 | D        | Noticed a hungry ghost
   828 | D        | Noticed a raiju
   828 | D        | Noticed a smoke demon
   828 | D        | Noticed a tentacled starspawn
   829 | D        | Killed a smoke demon
   830 | D        | Noticed a neqoxec
   830 | D        | Noticed a tentacled starspawn
   830 | D        | Noticed a draconian
   830 | D        | Killed a raiju
   831 | D        | Noticed a small abomination
   831 | D        | Noticed a quasit
   831 | D        | Killed a tentacled starspawn
   831 | D        | Killed a hungry ghost
   832 | D        | Noticed a reaper
   832 | D        | Noticed a raiju
   832 | D        | Noticed a small abomination
   832 | D        | Killed a quasit
   833 | D        | Noticed a small abomination
   833 | D        | Killed a draconian
   833 | D        | Killed a small abomination
   833 | D        | Killed a small abomination
   834 | D        | Noticed an apocalypse crab
   834 | D        | Killed a small abomination
   834 | D        | Killed a neqoxec
   835 | D        | Noticed a starcursed mass
   835 | D        | Noticed a crimson imp
   836 | D        | Noticed a starcursed mass
   836 | D        | Killed a tentacled starspawn
   837 | D        | Noticed a starcursed mass
   838 | D        | Killed an apocalypse crab
   838 | D        | Killed a reaper
   839 | D        | Noticed a tentacled starspawn
   839 | D        | Killed a crimson imp
   840 | D        | Killed a raiju
   844 | D        | Killed a tentacled starspawn
   844 | D        | Reached skill level 21 in Axes
   846 | D        | Killed a starcursed mass
   847 | D        | Noticed a thrashing horror
   847 | D        | Noticed a thrashing horror
   848 | D        | Killed a thrashing horror
   848 | D        | Reached skill level 15 in Invocations
   849 | D        | Killed a thrashing horror
   885 | D        | Entered arena 21.
   895 | D        | Noticed a greater mummy
   896 | D        | Noticed a flying skull
   896 | D        | Noticed a mummy priest
   896 | D        | Noticed a greater mummy
   896 | D        | Noticed a guardian mummy
   896 | D        | Noticed a mummy priest
   897 | D        | Noticed a flying skull
   897 | D        | Noticed a guardian mummy
   897 | D        | Noticed a flying skull
   897 | D        | Noticed a guardian mummy
   897 | D        | Noticed a mummy priest
   897 | D        | Noticed a guardian mummy
   897 | D        | Noticed a guardian mummy
   898 | D        | Noticed a mummy priest
   898 | D        | Killed a flying skull
   898 | D        | Killed a flying skull
   899 | D        | Noticed a guardian mummy
   899 | D        | Identified a +4 rod of the swarm (6/11)
   900 | D        | Noticed a greater mummy
   901 | D        | HP: 2/135 [greater mummy/divine providence (11)]
   902 | D        | Killed a flying skull
   903 | D        | Killed a mummy priest
   904 | D        | Killed a guardian mummy
   904 | D        | Killed a guardian mummy
   905 | D        | Mangled by a reaper

Action                   |  1- 3 |  4- 6 |  7- 9 | 10-12 | 13-15 || total
-------------------------+-------+-------+-------+-------+-------++-------
Melee: Broad axe         |     9 |    15 |    21 |   122 |   112 ||   279
Invok: Greater Servant o |       |       |       |       |    10 ||    10
 Abil: Device Recharging |       |       |       |       |     2 ||     2
Evoke: Wand              |       |     1 |       |       |     6 ||     7
  Use: Potion            |       |       |       |       |     1 ||     1
       Scroll            |       |       |       |       |     2 ||     2
 Stab: Distracted        |       |       |       |     1 |     2 ||     3
       Confused          |       |       |       |       |     1 ||     1
  Eat: Fruit             |       |       |       |       |    11 ||    11
